 Dungeon Crawl Stone Soup version 0.31-a0-364-gb59cdcccf2 (webtiles) character file.

Game seed: 16392520594040382021

26216 floatRand the Grappler (level 12, -2/83 HPs)
             Began as a Pale Draconian Shapeshifter on July 27, 2023.
             Was an Elder of Wu Jian.
             Killed from afar by a salamander mystic (28 damage)
             ... with a bolt of magma
             ... in a volcano on July 28, 2023.
             The game lasted 00:24:08 (12698 turns).

floatRand the Grappler (DrSh)                      Turns: 12698, Time: 00:24:08

Health: -2/83      AC: 12    Str: 28    XL:     12   Next: 96%
Magic:  12/12      EV: 12    Int:  8    God:    Wu Jian [****..]
Gold:   1157       SH:  3    Dex:  6    Spells: 11/11 levels left

rFire   + .          .
                       - Unarmed
rCold   + . .        D - +0 buckler
rNeg    . . .        (body armour unavailable)
rPois   +            (helmet currently unavailable)
rElec   .            g - melded +2 cloak
rCorr   +            (gloves currently unavailable)
SInv    .            x - melded +2 pair of boots {Fly}
Will    .....        s - amulet of regeneration
Stlth   ++           I - +4 ring of protection
HPRegen 1.13/turn    r - ring of the Middle {rPois rC+ rCorr Dex-5}
MPRegen 0.13/turn

%: no passive effects
@: short of breath, beast-form, hasted, slow
A: beast (slay +7), breathe steam, AC +8, unfitting armour, cold-blooded, steam
resistance, stinger 1, fire resistance 1, strong 2
a: Breathe Steam, Begin Untransformation, Renounce Religion, Wall Jump,
Serpent's Lash


You were in a volcano.
You worshipped Wu Jian.
Wu Jian was greatly pleased with you.
You were a hulking beast.
You visited 3 branches of the dungeon, and saw 14 of its levels.
You also visited: Bailey and Volcano.

You collected 1157 gold pieces.

Inventory:

Armour
 g - a +2 cloak (melded)
 x - a +2 pair of boots of flying (melded)
 D - a +0 buckler (worn)
 J - a scarf of shadows
Jewellery
 f - a ring of ice
 h - a ring of see invisible
 q - a ring of protection from cold
 r - the ring of the Middle (right hand) {rPois rC+ rCorr Dex-5}
   (You found it on level 8 of the Dungeon)

   [ring of poison resistance]

   Dex:       It affects your dexterity (-5).
   rC:        It protects you from cold.
   rPois:     It protects you from poison.
   rCorr:     It protects you from acid and corrosion.
 s - an amulet of regeneration (around neck)
 t - a ring of wizardry
 I - a +4 ring of protection (left hand)
Talismans
 b - a beast talisman
Wands
 j - a wand of charming (7)
 o - a wand of roots (20)
 u - a wand of flame (10)
 v - a wand of acid (4)
 H - a wand of digging (3)
Scrolls
 i - 6 scrolls of teleportation
 n - 3 scrolls of enchant weapon
 p - 3 scrolls of enchant armour
 y - a scroll of vulnerability
 A - 2 scrolls of fog
 E - 2 scrolls of identify
Potions
 a - 2 potions of lignification
 c - 3 potions of haste
 d - 4 potions of curing
 e - 4 potions of resistance
 k - 3 potions of brilliance
 l - 3 potions of attraction
 m - 4 potions of enlightenment
 w - 2 potions of magic
 z - 2 potions of cancellation
 B - a potion of heal wounds
 G - a potion of berserk rage {unknown}
Miscellaneous
 F - a condenser vane


   Skills:
 - Level 1.1 Fighting
 + Level 6.3 Dodging
 + Level 6.5 Stealth
 - Level 3.0 Shields
 * Level 14.6 Unarmed Combat
 + Level 4.2 Evocations
 + Level 11.5 Shapeshifting


You had 11 spell levels left.
You didn't know any spells.
Your spell library contained the following spells:

 Spells                   Type           Power      Damage    Failure   Level
 Sting                    Tmut/Pois      0%         1d3       45%         1
 Poisonous Vapours        Pois/Air       0%         N/A       58%         2
 Gell's Gravitas          Tloc           0%         N/A       83%         3
 Hailstorm                Conj/Ice       0%         3d3       83%         3
 Teleport Other           Tloc           0%         N/A       83%         3
 Olgreb's Toxic Radiance  Pois           0%         N/A       99%         4
 Summon Ice Beast         Ice/Summ       0%         N/A       99%         4
 Summon Mana Viper        Hex/Summ       0%         N/A       100%        5
 Dispersal                Tloc           0%         N/A       100%        6
 Simulacrum               Ice/Necr       0%         N/A       100%        6
 Monstrous Menagerie      Summ           0%         N/A       100%        7
 Discord                  Hex            0%         N/A       100%        8
 Ignition                 Fire           0%         3d3       100%        8


Dungeon Overview and Level Annotations

Branches:
Dungeon (12/15)            Temple (1/1) D:6            Lair (1/5) D:10
    Orc (0/2) D:11         Bailey (visited)         Volcano (1/1)

Altars:
Ashenzari
Cheibriados
Dithmenos
Elyvilon
Fedhas
Gozag
Hepliaklqana
Kikubaaqudgha
Makhleb
Nemelex Xobeh
Okawaru
Qazlal
Ru
Sif Muna
Trog
Uskayaw
Vehumet
Wu Jian
Xom
Yredelemnul
Zin
The Shining One

Portals:
Abyss: Lair:1

Annotations:
D:10 2 transporters, Sapher's ghost, amateur SpDe
D:12 Jorgrun
Lair:1 2 transporters, vcxz's ghost, journeyman NaWn


Innate Abilities, Weirdness & Mutations

You are a hulking beast.
Your limbs bulge with bestial killing power. (Slay +7)
You can breathe blasts of scalding, opaque steam.
Your pale cyan-grey scales are hard. (AC +8)
You cannot fit into any form of body armour.
You are cold-blooded and may be slowed by cold attacks.
You are immune to the effects of steam.
Your tail ends in a venomous barb.
Your flesh is heat resistant. (rF+)
Your muscles are very strong. (Str +8, Int/Dex -2)


Message History

Unknown command.
You closely miss the red draconian. You tail-slap the red draconian!
The red draconian is poisoned.
The red draconian is moderately wounded.
You punch the red draconian!
The red draconian is heavily wounded.
You block the red draconian's attack.
You punch the red draconian!
The red draconian is heavily wounded.
You punch the red draconian!
The red draconian is severely wounded.
The red draconian breathes fire at you. The searing blast hits you! You resist.
You punch the red draconian!
Your tail-slap misses the red draconian.
The red draconian is almost dead.
You pummel the red draconian!!
You kill the red draconian!
The Council accepts your kill.
You hear a splash.
You enter the shallow water.
Moving in this stuff is going to be slow.
The salamander mystic misses you.
Items here: )) [ †.
Unknown command.
You punch the salamander mystic!
The salamander mystic is moderately wounded.
Unknown command.
Your unstable footing causes you to fumble your attack.
The salamander mystic hits you with a +0 quarterstaff.
You are engulfed in flames.
You resist.
* * * LOW HITPOINT WARNING * * *
Your unstable footing causes you to fumble your attack.
Unknown command.
You pummel the salamander mystic!! You tail-slap the salamander mystic.
The salamander mystic is poisoned.
The salamander mystic is severely wounded.
The salamander mystic points at you and mumbles some strange words.
The bolt of magma hits you!! You partially resist.
You die...

#########
≈§≈≈≈≈≈≈#######
#######≈≈#[[[..#
#~~~#*#≈○###...#
#~~###....##.##
#~~~)h##...#.#
#~~~~~N~#..)##
~~~~#~~~§~~~#...#
~~~~~#~~§~~~~##..#
~~~~~
#~~~~~~#...##
.#~~~ #~~~~##..###
..#~ ~#~~~#..###
#...#.#.#...##
...#....##


You could see a salamander mystic (poisoned) and a neutral orb of fire
(wandering).

Vanquished Creatures
  A red draconian (Volcano)
  Erica (D:8)
  A two-headed ogre (D:11)
  2 boulder beetles
  A tengu warrior (D:12)
  3 death yaks (D:10)
  2 orc knights
  A deep elf zephyrmancer (D:9)
  5 cyclopes
  2 ugly things
  A salamander (shapeshifter) (D:9)
  Maurice (D:8)
  2 salamanders (Volcano)
  2 molten gargoyles (Volcano)
  A black mamba (Lair:1)
  3 torpor snails (Lair:1)
  3 gargoyles
  An unseen horror (D:10)
  A tengu conjurer (D:12)
  2 hornets
  2 trolls
  3 slime creatures (D:12)
  A culicivora (shapeshifter) (D:8)
  A wraith (D:11)
  3 wyverns
  20 yaks
  Eustachio (D:6)
  The ghost of jt the Ruffian, an amateur AtSh of Okawaru (D:4)
  2 basilisks
  3 fire bats (Lair:1)
  4 steam dragons
  3 water moccasins
  11 orc warriors
  3 ice beasts
  An ogre (D:5)
  11 wolves (Lair:1)
  4 centaurs
  2 phantoms
  A kobold brigand (D:8)
  5 bullfrogs
  2 gnoll sergeants (D:10)
  5 scorpions
  10 wights
  3 killer bees
  6 howler monkeys
  4 jellies
  A gnoll bouda (D:7)
  4 hounds (D:5)
  5 orc priests
  A sleepcap (D:4)
  11 orc wizards
  Ijyb (D:5)
  5 iguanas
  15 gnolls
  6 adders
  2 shadow imps
  4 white imps
  An ufetubus (D:5)
  A worm (D:3)
  3 dart slugs
  35 orcs
  3 bats
  8 endoplasms
  3 giant cockroaches
  9 goblins
  7 hobgoblins
  9 jackals
  19 kobolds
  2 quokkas
  7 ball pythons
  3 frilled lizards
  4 rats
  A spectral orc (D:6)
318 creatures vanquished.

Notes
Turn   | Place    | Note
-------+----------+-------------------------------------------
     0 | D:1      | floatRand the Draconian Shapeshifter began the quest for
                  | the Orb.
     0 | D:1      | Reached XP level 1. HP: 16/16 MP: 1/1
   166 | D:1      | Reached XP level 2. HP: 14/23 MP: 2/2
   208 | D:1      | Found a faded altar of an unknown god.
   703 | D:2      | Reached XP level 3. HP: 28/28 MP: 3/3
  1094 | D:2      | Reached skill level 4 in Unarmed Combat
  1098 | D:2      | Reached XP level 4. HP: 16/35 MP: 4/4
  1602 | D:3      | Found an opulent altar of Gozag.
  2053 | D:4      | Reached XP level 5. HP: 15/40 MP: 5/5
  2301 | D:4      | Reached skill level 5 in Unarmed Combat
  2456 | D:4      | Found a runed translucent door.
  2456 | D:4      | Noticed jt's ghost (amateur AtSh)
  2470 | D:4      | Reached XP level 6. HP: 39/47 MP: 6/6
  2774 | D:4      | Reached skill level 5 in Shapeshifting
  3096 | D:4      | Found a shimmering altar of Xom.
  3292 | D:4      | Killed jt's ghost
  3293 | D:4      | Reached skill level 6 in Unarmed Combat
  3293 | D:4      | Your scales start taking on a pale cyan-grey colour.
  3293 | D:4      | Reached XP level 7. HP: 35/52 MP: 7/7
  3293 | D:4      | Gained mutation: You are immune to the effects of steam.
                  | [Pale Draconian growth]
  3394 | D:5      | Entered Level 5 of the Dungeon
  3502 | D:5      | Reached skill level 7 in Unarmed Combat
  3708 | D:5      | Found a broken altar of Ashenzari.
  3734 | D:5      | Reached XP level 8. HP: 27/59 MP: 8/8
  4027 | D:5      | Noticed Ijyb
  4033 | D:5      | Killed Ijyb
  4034 | D:5      | Reached skill level 8 in Unarmed Combat
  4555 | D:6      | Found a hazy altar of Hepliaklqana.
  4612 | D:6      | Noticed Eustachio
  4638 | D:6      | Gained mutation: Potions are less effective at restoring
                  | your health. [potion of mutation]
  4638 | D:6      | Gained mutation: You occasionally lose the ability to drink
                  | potions when taking damage. [potion of mutation]
  4638 | D:6      | Gained mutation: Your muscles are strong. (Str +4, Int/Dex
                  | -1) [potion of mutation]
  4641 | D:6      | Killed Eustachio
  4743 | D:6      | Lost mutation: Potions are less effective at restoring your
                  | health. [potion of mutation]
  4743 | D:6      | Lost mutation: You occasionally lose the ability to drink
                  | potions when taking damage. [potion of mutation]
  4743 | D:6      | Lost mutation: Your muscles are strong. (Str +4, Int/Dex
                  | -1) [potion of mutation]
  4743 | D:6      | Gained mutation: Your muscles are strong. (Str +4, Int/Dex
                  | -1) [potion of mutation]
  4743 | D:6      | Gained mutation: Your tail ends in a venomous barb. [potion
                  | of mutation]
  4743 | D:6      | Gained mutation: You have hidden genetic potential. [potion
                  | of mutation]
  4925 | D:6      | Reached skill level 9 in Unarmed Combat
  5144 | D:6      | Found a staircase to the Ecumenical Temple.
  5213 | Temple   | Entered the Ecumenical Temple
  5227 | Temple   | Became a worshipper of the Wu Jian Council
  5322 | D:6      | Reached XP level 9. HP: 64/64 MP: 9/9
  5827 | D:7      | Reached skill level 10 in Unarmed Combat
  5845 | D:7      | Paralysed by a hornet for 2 turns
  5850 | D:7      | Gained mutation: Your flesh is heat resistant. (rF+)
                  | [hidden potential]
  5855 | D:7      | HP: 3/64 [poisoned by a hornet]
  5858 | D:7      | HP: 1/64 [poisoned by a hornet]
  6321 | D:7      | Found a shadowy altar of Dithmenos.
  6325 | D:7      | Found a shimmering blue altar of Sif Muna.
  6326 | D:7      | Found a white marble altar of Elyvilon.
  6326 | D:7      | Found a stormy altar of Qazlal.
  7045 | D:8      | Noticed Erica
  7052 | D:8      | Killed Erica
  7053 | D:8      | Reached skill level 1 in Stealth
  7053 | D:8      | Reached skill level 11 in Unarmed Combat
  7251 | D:8      | Noticed Maurice
  7259 | D:8      | Killed Maurice
  7260 | D:8      | Reached XP level 10. HP: 64/71 MP: 10/10
  7414 | D:8      | Found a runed translucent door.
  7463 | D:8      | Identified the ring of the Middle {rPois rC+ rCorr Dex-5}
  7509 | D:8      | Found a runed translucent door.
  7629 | D:8      | Reached * piety under Wu Jian
  8008 | D:8      | Gained mutation: Your muscles are very strong. (Str +8,
                  | Int/Dex -2) [hidden potential]
  8008 | D:8      | Lost mutation: You have hidden genetic potential. [hidden
                  | potential expressed]
  8112 | D:8      | Noticed a boulder beetle
  8165 | D:8      | Killed a boulder beetle
  8167 | D:8      | Noticed a manticore
  8192 | D:8      | Noticed an elephant
  8196 | D:8      | an elephant changed into a culicivora
  8374 | D:9      | Noticed a boulder beetle
  8432 | D:9      | Reached skill level 12 in Unarmed Combat
  8543 | D:9      | Reached ** piety under Wu Jian
  8611 | D:9      | Killed a boulder beetle
  8612 | D:9      | Reached XP level 11. HP: 77/77 MP: 11/11
  8623 | D:9      | Noticed a brown ugly thing
  8632 | D:9      | Killed a brown ugly thing
  9108 | D:9      | Noticed a deep elf zephyrmancer
  9113 | D:9      | Killed a deep elf zephyrmancer
  9266 | D:10     | Entered Level 10 of the Dungeon
  9294 | D:10     | Identified the +1 scale mail of the Kraken {Dex+3}
  9336 | D:10     | Noticed a death yak
  9336 | D:10     | Noticed a death yak
  9341 | D:10     | Noticed a death yak
  9360 | D:10     | Killed a death yak
  9386 | D:10     | Found a transporter.
  9476 | D:10     | Reached skill level 5 in Stealth
  9476 | D:10     | Reached skill level 10 in Shapeshifting
  9563 | D:10     | Found a flagged portal.
  9578 | D:10     | Reached skill level 5 in Dodging
  9605 | D:10     | Killed a death yak
  9606 | D:10     | Reached skill level 13 in Unarmed Combat
  9629 | D:10     | Killed a death yak
  9699 | Bailey   | Entered a bailey
  9771 | Bailey   | Noticed an orc knight
  9804 | Bailey   | Killed an orc knight
  9804 | Bailey   | Reached *** piety under Wu Jian
 10120 | D:10     | Found a transporter.
 10129 | D:10     | Noticed Sapher's ghost (amateur SpDe)
 10207 | D:10     | Found a staircase to the Lair.
 10495 | D:11     | Noticed a two-headed ogre
 10498 | D:11     | Killed a two-headed ogre
 10499 | D:11     | Reached XP level 12. HP: 68/83 MP: 12/12
 10742 | D:11     | Reached skill level 1 in Evocations
 10829 | D:11     | Found a staircase to the Orcish Mines.
 11410 | D:12     | Noticed a tengu warrior
 11417 | D:12     | Killed a tengu warrior
 11668 | D:12     | Noticed Jorgrun
 11806 | Lair:1   | Entered Level 1 of the Lair of Beasts
 11896 | Lair:1   | Reached skill level 1 in Shields
 11924 | Lair:1   | Found a one-way gate to the infinite horrors of the Abyss.
 11924 | Lair:1   | Noticed vcxz's ghost (journeyman NaWn)
 11985 | Lair:1   | Reached skill level 14 in Unarmed Combat
 11998 | Lair:1   | HP: 2/83 [wolf (4)]
 12130 | Lair:1   | Reached **** piety under Wu Jian
 12132 | Lair:1   | Found a snail-covered altar of Cheibriados.
 12256 | Lair:1   | Found a transporter.
 12303 | Lair:1   | Found a transporter.
 12311 | Lair:1   | Noticed an entropy weaver
 12365 | Lair:1   | Found a dark tunnel.
 12377 | Volcano  | Entered a volcano
 12620 | Volcano  | Noticed an orb of fire
 12669 | Volcano  | Noticed a red draconian
 12693 | Volcano  | Killed a red draconian
 12698 | Volcano  | Killed from afar by a salamander mystic

Illustrated notes

Levels and vault maps discovered:
D:1:      minmay_arrival_solitary_statue, layout_rooms,
          hellmonk_ecumenical_altar_inner_sanctum
D:2:      layout_basic
D:3:      layout_loops_ring, grunt_gozag_breadcrumbs,
          chequers_serial_rivers_micro_d
D:4:      layout_loops_ring, tgw_xom, hellmonk_ghost_happy_afterlife
D:5:      layout_basic, minmay_ruined_shrine, uniq_ijyb
D:6:      layout_basic, nicolae_hepliaklqana_monster_ancestors,
          minmay_temple_entry_ruins, uniq_eustachio
D:7:      layout_basic, grunt_temple_overflow_open, dreamdust_mushroom_princess
D:8:      cheibrodos_histonic, layout_loops_ring, hangedman_decor_peaks_small,
          uniq_maurice, uniq_erica
D:9:      minmay_the_grid_four_pointed_star_mashed
          [minmay_the_grid_triangle_9x9_descending_squares,
          minmay_the_grid_triangle_9x9_windchime,
          minmay_the_grid_triangle_9x9_steps,
          minmay_the_grid_triangle_9x9_longest,
          minmay_the_grid_prize_shrinking_boxes], layout_basic,
          guppyfry_early_elven_hall
D:10:     layout_basic, dpeg_lair_monsters, gammafunk_ghost_stat_death,
          enter_bailey_5, hangedman_decor_growths
D:11:     layout_cave_pools, orc_0_dummy, grunt_ministairs_6
D:12:     layout_irregular_city, minivault_26, uniq_jorgrun
Temple:   eino_wide_crystal_templ
Lair:1:   layout_chaotic_city, nicolae_volcano_entry_batcave,
          gammafunk_ghost_abyssal_escape, kennysheep_snail_temple
Volcano:  hellmonk_zot_springs

Skill      XL: |  1  2  3  4  5  6  7  8  9 10 11 12 |
---------------+-------------------------------------+-----
Unarmed Combat | 4 5 6 7 9 11 12 13 14 | 14.6
Shapeshifting  | 4 5 6 7 8 9 10 11 | 11.5
Dodging        | 2 4 5 6 |  6.3
Stealth        | 2 4 5 6 |  6.5
Evocations     | 4 |  4.2
Shields        | 3 |  3.0
Fighting       | |  1.1

Action                     |  1- 3 |  4- 6 |  7- 9 | 10-12 || total
---------------------------+-------+-------+-------+-------++-------
  Melee: Unarmed           |    83 |   167 |   170 |   457 ||   877
         Tailslap          |    11 |    18 |    30 |    73 ||   132
         Punch             |     1 |     3 |     6 |    16 ||    26
Ability: Breathe Steam     |       |       |    12 |    39 ||    51
         Lunge             |       |       |    11 |    45 ||    56
         Whirlwind         |       |       |       |    10 ||    10
  Evoke: Wand              |       |       |       |     3 ||     3
    Use: Scroll            |       |    10 |     2 |    10 ||    22
         Potion            |       |       |     3 |     3 ||     6
   Stab: Sleeping          |       |       |     1 |     2 ||     3
         Distracted        |       |       |       |     1 ||     1
 Armour: Skin              |    28 |    60 |    32 |    85 ||   205
  Dodge: Dodged            |    54 |    75 |    98 |   163 ||   390
  Block: Buckler           |       |       |       |    15 ||    15
         Form:             |       |       |       |     2 ||     2
         Beast             |       |       |       |     2 ||     2

Table legend: (Time is in decaauts)
 A = Elapsed time spent in this place.
 B = Non-inter-level travel time spent in this place.
 C = Inter-level travel time spent in this place.
 D = Time resting spent in this place.
 E = Time spent auto-exploring this place.
 F = Levels seen in this place.
 G = Mean time per level.
                   A        B        C        D        E       F      G
               +--------+--------+--------+--------+--------+-----+--------+
         Total |  12578 |  12326 |    252 |   2177 |   6643 |  16 |  786.1 |
       Dungeon |  11306 |  11054 |    252 |   1906 |   6583 |  12 |  942.2 |
        Temple |     28 |     28 |      0 |      0 |      0 |   1 |   28.0 |
          Lair |    569 |    569 |      0 |    100 |     54 |   1 |  569.0 |
        Bailey |    364 |    364 |      0 |     81 |      6 |   1 |  364.0 |
       Volcano |    309 |    309 |      0 |     90 |      0 |   1 |  309.0 |
               +--------+--------+--------+--------+--------+-----+--------+

Top non-repeatable levels by time:
     D:8: 1580 daAuts
     D:4: 1373 daAuts
     D:7: 1175 daAuts
     D:6: 1141 daAuts
     D:5: 1043 daAuts
    D:11: 858 daAuts
     D:9: 853 daAuts
     D:2: 830 daAuts
     D:3: 720 daAuts
    D:10: 685 daAuts
    D:12: 594 daAuts
  Lair:1: 569 daAuts
     D:1: 450 daAuts
  Bailey: 364 daAuts
 Volcano: 309 daAuts
